 Dungeon Crawl Stone Soup version bcrawl-1.21 (webtiles) character file.

Game seed: 4968542297154795034

75 Mrkan the Covered (level 4, -3/40 HPs)
             Began as a Minotaur Fighter on Feb 11, 2020.
             Slain by Sigmund
             ... wielding a +0 scythe
              (10 damage)
             ... on level 2 of the Dungeon.
             The game lasted 00:02:13 (1327 turns).

Mrkan the Covered (Minotaur Fighter)                Turns: 1327, Time: 00:02:14

Health: -3/40      AC:  7    Str: 21    XL:     4   Next: 11%
Magic:  3/3        EV:  7    Int:  5    God:
Gold:   144        SH:  9    Dex: 10    Spells: 3/3 levels left

rFire    . . .     SeeInvis .   a - +0 flail
rCold    . . .     Gourm    .   c - +0 shield
rNeg     . . .     Faith    .   b - +0 scale mail
rPois    .         Spirit   .   (helmet restricted)
rElec    .         Reflect  .   (no cloak)
rCorr    .         Harm     .   (no gloves)
MR       .....                  (no boots)
Stlth    ..........             (no amulet)
HPRegen  0.13/turn              (no ring)
MPRegen  0.08/turn              (no ring)

@: no status effects
A: retaliatory headbutt, horns 2
a: no special abilities


You were on level 2 of the Dungeon.
You were not hungry.

You visited 1 branch of the dungeon, and saw 2 of its levels.

You collected 144 gold pieces.

Inventory:

Hand Weapons
 a - a +0 flail (weapon)
Missiles
 l - 3 throwing nets (quivered) {!f}
Armour
 b - a +0 scale mail (worn)
 c - a +0 shield (worn)
Wands
 m - a wand of digging (2)
Scrolls
 h - a scroll of remove curse {unknown}
 k - a scroll of identify {unknown}
 n - 3 scrolls of blinking {unknown}
Potions
 d - a potion of might
 f - a potion of berserk rage {unknown}
 i - a potion of resistance {unknown}
 j - 3 potions of curing {unknown}
Comestibles
 e - 4 rations {!d}


   Skills:
 + Level 4.2 Fighting
 + Level 3.2 Maces & Flails
 + Level 4.6 Armour
 + Level 0.3 Dodging
 + Level 4.1 Shields


You had 3 spell levels left.
You didn't know any spells.
Your spell library contained the following spells:

 Spells                   Type           Power        Failure   Level  Hunger
 Iskenderun's Battlesphe  Conj/Chrm      #.......     100%        5    ######.
 Iron Shot                Conj/Erth      #.........   100%        6    #######
 Poison Arrow             Conj/Pois      #.........   100%        6    #######
 Orb of Destruction       Conj           #.........   100%        7    #######
 Spellforged Servitor     Conj/Summ      #.........   100%        7    #######


Dungeon Overview and Level Annotations

Branches:
Dungeon (2/12)

Altars:

Annotations:
D:2 Sigmund


Innate Abilities, Weirdness & Mutations

You reflexively headbutt those who attack you in melee.
You have a pair of horns on your head.


Message History

You closely miss something.
You hear some strange, mumbled words.
Something tries to affect you, but you resist.
You closely miss something. Something hits you!
You closely miss something. You headbutt something! Something hits you.
You closely miss something. Your headbutt misses something.
You block something's attack.
You miss something. Your headbutt misses something. You miss something.
Your headbutt misses something. Something hits you.
You closely miss something.
You hear some strange, mumbled words.
A magic dart appears from out of thin air!
The magic dart hits you!
* * * LOW HITPOINT WARNING * * *
You barely miss something. You block something's attack.
You miss something. Something hits you.
* * * LOW HITPOINT WARNING * * *
Your shield prevents you from hitting something.
Something hits you!
You die...

#...#######.##.
#####)..## #.....
#........# #..... ..
#........# #.#... ....
#........# #.#...
....#######........#
#.##..
...................#
#. #..
#..........[##########
#. #..
#..........{@.........
...
#..........######.....
#... #..........# .?.
#... #....^.....# .
#... #..........#
#..........#
#..........# .
#..........# .
############ .


There were no monsters in sight!

Vanquished Creatures
  Terence (D:2)
  2 oozes (D:1)
  A worm (D:1)
  2 leopard geckos (D:1)
  3 giant cockroaches
  5 goblins
  8 hobgoblins
  A ball python (D:1)
  3 bats (D:1)
  2 frilled lizards (D:1)
  5 kobolds
  2 rats
35 creatures vanquished.

Notes
Turn   | Place    | Note
-------+----------+-------------------------------------------
     0 | D:1      | Mrkan the Minotaur Fighter began the quest for the Orb.
     0 | D:1      | Reached XP level 1. HP: 19/19 MP: 0/0
   104 | D:1      | Reached XP level 2. HP: 17/27 MP: 1/1
   585 | D:1      | Reached XP level 3. HP: 33/33 MP: 2/2
   965 | D:2      | Found a faded altar of an unknown god.
  1282 | D:2      | Noticed Terence
  1291 | D:2      | Killed Terence
  1291 | D:2      | Reached XP level 4. HP: 40/40 MP: 3/3
  1301 | D:2      | Noticed Sigmund
  1327 | D:2      | Slain by Sigmund

Skill      XL: |  1  2  3 |
---------------+----------+-----
Fighting       | 4 |  4.2
Armour         | 4 |  4.6
Shields        | 4 |  4.1
Maces & Flails | 3 |  3.2
Dodging        | |  0.3

Action                   |  1- 3 |  4- 6 || total
-------------------------+-------+-------++-------
Melee: Flail             |    82 |    12 ||    94
       Headbutt          |    10 |     2 ||    12
  Eat: Chunk             |     1 |       ||     1
Armor: Scale mail        |    32 |     2 ||    34
Dodge: Dodged            |    31 |     3 ||    34
Block: Shield            |    47 |     2 ||    49
